 Dungeon Crawl Stone Soup version 0.26-a0-663-g36e8fdb655 (webtiles) character file.

Game seed: 17670190944201983837

4588 looop the Frost Mage (level 10, -21/74 (76) HPs)
             Began as a Demonspawn Ice Elementalist on Oct 10, 2020.
             Was an Initiate of Gozag.
             Killed from afar by a wizard (55 damage)
             ... with a crystal spear
             ... on level 8 of the Dungeon.
             The game lasted 00:11:33 (7598 turns).

looop the Frost Mage (Demonspawn Ice Elementalist)  Turns: 7598, Time: 00:11:34

HP:   -21/74 (76)   AC:  5    Str:  8    XL:     10   Next: 18%
MP:   16/20         EV: 15    Int: 26    God:    Gozag
Gold: 951           SH:  0    Dex: 14    Spells: 11/22 levels left

rFire    + + .     SeeInvis .   a - +9 whip of Lishreh {freeze, *Noise Int+6}
rCold    . . .     Faith    .   (no shield)
rNeg     + . .     Spirit   .   x - +0 robe
rPois    .         Reflect  .   (no helmet)
rElec    .         Harm     .   (no cloak)
rCorr    +         Rampage  .   y - +0 pair of gloves
MR       .....                  (no boots)
Stlth    +.........             i - amulet of regeneration
HPRegen  1.62/turn              f - ring of resist corrosion
MPRegen  0.17/turn              l - ring "Quffir" {+Blink rF+ rN+ Stlth-}

@: gold aura, frozen ramparts
A: claws 1, yellow scales 1, fire resistance 1, ignite blood, powered by death
2, flame cloud immunity
a: Potion Petition, Call Merchant, Bribe Branch, Renounce Religion, Evoke Blink


You were on level 8 of the Dungeon.
You worshipped Gozag.
Gozag was pleased with you.
You visited 2 branches of the dungeon, and saw 9 of its levels.

You collected 1114 gold pieces.
You spent 96 gold pieces at shops.
You paid 67 gold pieces to Gozag.

Inventory:

Hand Weapons
 a - the +9 whip of Lishreh (weapon) {freeze, *Noise Int+6}
   (You found it on level 5 of the Dungeon)

   It has been specially enchanted to freeze those struck by it, causing extra
   injury to most foes and up to half again as much damage against particularly
   susceptible opponents.
   It can also slow down cold-blooded creatures.
   It affects your intelligence (+6).
   It may make noises in combat.
 F - the +6 halberd of the Head {vorpal, rElec rC+ Dex-2}
   (You found it on level 7 of the Dungeon)

   It inflicts extra damage upon your enemies.
   It affects your dexterity (-2).
   It protects you from cold.
   It insulates you from electricity.
 G - the +1 dagger "Jiffaeto" {elec, rPois rC+ SInv}
   (You found it on level 7 of the Dungeon)

   Occasionally, upon striking a foe, it will discharge some electrical energy
   and cause terrible harm.
   It protects you from cold.
   It protects you from poison.
   It lets you see invisible.
Missiles
 c - 33 poisoned darts (quivered)
 w - 8 boomerangs
 H - 5 throwing nets
Armour
 x - a +0 robe (worn)
 y - a +0 pair of gloves (worn)
Jewellery
 f - a ring of resist corrosion (left hand)
 i - an amulet of regeneration (around neck)
 l - the ring "Quffir" (right hand) {+Blink rF+ rN+ Stlth-}
   (You found it on level 5 of the Dungeon)

   [ring of protection from fire]

   It protects you from fire.
   It protects you from negative energy.
   It lets you blink.
   It makes you less stealthy.
Wands
 A - a wand of paralysis (7)
Scrolls
 b - 3 scrolls of teleportation {unknown}
 d - 2 scrolls of noise {unknown}
 h - 3 scrolls of amnesia {unknown}
 o - 5 scrolls of fog {unknown}
 p - 9 scrolls of identify {unknown}
 q - 9 scrolls of remove curse
 r - a scroll of blinking {unknown}
 u - 2 scrolls of fear {unknown}
 v - a scroll of immolation {unknown}
 B - a scroll of enchant armour {unknown}
 C - a scroll of random uselessness {unknown}
Potions
 e - a potion of might {unknown}
 g - 3 potions of lignification {unknown}
 j - a potion of magic {unknown}
 k - 3 potions of berserk rage
 m - 2 potions of flight {unknown}
 n - 3 potions of heal wounds
 s - 4 potions of curing
 t - 2 potions of haste {unknown}
 z - 3 potions of stabbing {unknown}
 D - a potion of mutation {unknown}
 E - a potion of ambrosia {unknown}


   Skills:
 + Level 6.1 Fighting
 + Level 5.8 Dodging
 - Level 1.7 Stealth
 + Level 6.7 Spellcasting
 * Level 9.8 Ice Magic


You had 11 spell levels left.
You knew the following spells:

 Your Spells              Type           Power        Failure   Level
a - Freeze                Ice            ####         1%          1
b - Frozen Ramparts       Ice            ######       1%          3
c - Ozocubu's Armour      Ice            ######..     1%          3
d - Hailstorm             Conj/Ice       ####....     9%          4

Your spell library contained the following spells:

 Spells                   Type           Power        Failure   Level
 Foxfire                  Conj/Fire      #...         6%          1
 Summon Ice Beast         Ice/Summ       ####....     9%          4
 Conjure Flame            Conj/Fire      #.......     19%         3
 Inner Flame              Hex/Fire       #.......     19%         3
 Sticky Flame             Conj/Fire      #.......     54%         4
 Fireball                 Conj/Fire      #.........   87%         5


Dungeon Overview and Level Annotations

Branches:
Dungeon (8/15)             Temple (1/1) D:4
   Lair: D:8-11

Altars:
Ashenzari
Dithmenos
Elyvilon
Fedhas
Gozag
Hepliaklqana
Kikubaaqudgha
Makhleb
Nemelex Xobeh
Okawaru
Qazlal
Ru
Sif Muna
Trog
Uskayaw
Vehumet
Wu Jian
Xom
Yredelemnul
Zin
The Shining One

Shops:
D:5 !   D:7 (


Innate Abilities, Weirdness & Mutations

You have sharp fingernails.
You are partially covered in yellow scales. (AC +2)
Your flesh is heat resistant. (rF+)
Your demonic aura causes spilled blood to erupt in flames.
You regenerate health from kills.
You are immune to clouds of flame.


Message History

The wizard becomes larger for a moment.
The wizard gestures at you while chanting.
The lance of force hits you!!
You are knocked back by the lance of force.
You slam into the rock wall!
The wizard is engulfed in blazing flames.
You kill the wizard!
Your Fighting skill increases to level 6!
The wall freezes the wizard.
The wizard gestures at you while chanting.
You resist with significant effort.
You whack the wizard! You freeze the wizard.
The wizard is moderately wounded.
The wizard is engulfed in blazing flames.
The wall freezes the wizard.
The wizard casts a spell at you. The crystal spear hits you!!!
Ouch! That really hurt!
You die...
Your body crumbles into a pile of gold.

...... ..≈≈ #. ......
..≈##.. ..... ##.≈#.[ ≈
. .... #..≈... .≈
..##..#######..≈# .#
....>..........≈## .#
......<....$...≈≈##.##≈≈
###........$....≈≈≈.≈≈≈.
####.......##.@°......
#....?.#####p...<..
##...### #...... #....#
.....# ....... .....
.#.....# ..... ..###....
.... #. ###... ....


You could see a wizard.

Vanquished Creatures
  Harold (D:7)
  A wizard (D:8)
  Pikel (D:6)
  Prince Ribbit (D:7)
  Sigmund (D:2)
  An orc warrior (D:7)
  An ice beast (D:6)
  A phantom (D:4)
  4 ogres
  A necrophage (D:5)
  3 centaurs
  2 lemures (D:6)
  6 bullfrogs
  A water moccasin zombie (D:5)
  A scorpion (D:6)
  A wight (D:6)
  3 howler monkeys
  2 bullfrog zombies
  A quasit (D:6)
  A bullfrog skeleton (D:8)
  4 hounds
  4 orc priests
  2 iguanas (D:4)
  4 orc wizards
  9 worker ants
  A hound zombie (D:6)
  A hound skeleton (D:6)
  11 gnolls
  5 adders
  A shadow imp (D:6)
  4 white imps
  3 oozes
  An adder skeleton (D:5)
  3 dart slugs
  A leopard gecko (D:7)
  22 orcs
  3 ball pythons
  5 giant cockroaches
  7 goblins
  8 hobgoblins
  4 jackals (D:5)
  5 quokkas
  5 bats
  2 frilled lizards
  6 kobolds
  4 rats
159 creatures vanquished.

Vanquished Creatures (others)
  An orc (D:7)
  A plant (D:2)
2 creatures vanquished.

Grand Total: 161 creatures vanquished

Notes
Turn   | Place    | Note
-------+----------+-------------------------------------------
     0 | D:1      | looop the Demonspawn Ice Elementalist began the quest for
                  | the Orb.
     0 | D:1      | Reached XP level 1. HP: 13/13 MP: 3/3
   501 | D:1      | Gained mutation: You have sharp fingernails. [demonic
                  | ancestry]
   501 | D:1      | Reached XP level 2. HP: 17/19 MP: 0/5
   561 | D:1      | Reached skill level 4 in Ice Magic
  1576 | D:2      | Gained mutation: You regenerate a little health from kills.
                  | [demonic ancestry]
  1576 | D:2      | Reached XP level 3. HP: 20/24 MP: 6/6
  1662 | D:2      | Found a blossoming altar of Fedhas.
  1766 | D:2      | Learned a level 3 spell: Frozen Ramparts
  1828 | D:2      | Noticed Sigmund
  1851 | D:2      | Killed Sigmund
  1851 | D:2      | Reached skill level 5 in Ice Magic
  1851 | D:2      | Gained mutation: Your flesh is heat resistant. (rF+)
                  | [demonic ancestry]
  1851 | D:2      | Reached XP level 4. HP: 13/30 MP: 5/9
  1851 | D:2      | Gained mutation: You are immune to clouds of flame.
                  | [demonic ancestry]
  1851 | D:2      | Reached XP level 5. HP: 15/35 MP: 5/10
  2619 | D:3      | Learned a level 3 spell: Ozocubu's Armour
  2914 | D:3      | Found an iron altar of Okawaru.
  2917 | D:3      | Found an ancient bone altar of Kikubaaqudgha.
  3131 | D:3      | Found a shimmering altar of Xom.
  3139 | D:3      | Found a stormy altar of Qazlal.
  3580 | D:4      | Reached XP level 6. HP: 42/42 MP: 7/11
  3581 | D:4      | Reached skill level 1 in Fighting
  3967 | D:4      | Reached skill level 6 in Ice Magic
  3994 | D:4      | Gained mutation: You are partially covered in yellow
                  | scales. (AC +2) [demonic ancestry]
  3994 | D:4      | Reached XP level 7. HP: 37/49 MP: 2/13
  4320 | D:4      | Found a staircase to the Ecumenical Temple.
  4360 | Temple   | Entered the Ecumenical Temple
  4574 | Temple   | Became a worshipper of Gozag Ym Sagoz the Greedy
  4915 | D:5      | Entered Level 5 of the Dungeon
  4947 | D:5      | Got a faintly glowing whip
  4948 | D:5      | Identified the +9 whip of Lishreh {freeze, *Noise Int+6}
                  | (You found it on level 5 of the Dungeon)
  4985 | D:5      | Found Dodesuch's Distillery.
  5001 | D:5      | Bought a potion of heal wounds for 60 gold pieces
  5001 | D:5      | Bought a potion of curing for 36 gold pieces
  5045 | D:5      | Got a coiled bronze ring
  5046 | D:5      | Identified the ring "Quffir" {+Blink rF+ rN+ Stlth-} (You
                  | found it on level 5 of the Dungeon)
  5262 | D:5      | Learned a level 4 spell: Hailstorm
  5481 | D:5      | Reached skill level 7 in Ice Magic
  5580 | D:5      | Gained mutation: Your demonic aura causes spilled blood to
                  | erupt in flames. [demonic ancestry]
  5580 | D:5      | Reached XP level 8. HP: 56/56 MP: 10/14
  5906 | D:5      | Found a broken altar of Ashenzari.
  6020 | D:6      | Found an iron altar of Okawaru.
  6098 | D:6      | Noticed Pikel
  6113 | D:6      | Killed Pikel
  6113 | D:6      | Reached skill level 5 in Spellcasting
  6113 | D:6      | Reached skill level 8 in Ice Magic
  6257 | D:6      | Gained mutation: You regenerate health from kills. [demonic
                  | ancestry]
  6257 | D:6      | Reached XP level 9. HP: 60/64 MP: 17/17
  6936 | D:7      | Reached skill level 5 in Fighting
  6994 | D:7      | Reached skill level 5 in Dodging
  7049 | D:7      | Reached skill level 9 in Ice Magic
  7166 | D:7      | Noticed Prince Ribbit
  7173 | D:7      | Killed Prince Ribbit
  7180 | D:7      | Got a smoking halberd
  7191 | D:7      | Got a dazzling dagger
  7192 | D:7      | Identified the cursed +1 dagger "Jiffaeto" {elec, rPois rC+
                  | SInv} (You found it on level 7 of the Dungeon)
  7194 | D:7      | Identified the +6 halberd of the Head {vorpal, rElec rC+
                  | Dex-2} (You found it on level 7 of the Dungeon)
  7312 | D:7      | Found Deikhuff's Antique Weapon Boutique.
  7399 | D:7      | Noticed Harold
  7410 | D:7      | Killed Harold
  7410 | D:7      | Reached XP level 10. HP: 33/74 MP: 13/19
  7588 | D:8      | Noticed a wizard
  7590 | D:8      | Noticed a wizard
  7596 | D:8      | Killed a wizard
  7598 | D:8      | Killed from afar by a wizard

Illustrated notes

Levels and vault maps discovered:
D:1:      roderic_octagonal_star, layout_basic, serial_forest,
          infiniplex_forest_end_2, infiniplex_forest_lined_2,
          infiniplex_forest_end_2, infiniplex_forest_straight_2,
          infiniplex_forest_lined_ring, infiniplex_forest_clump_long
D:2:      layout_rooms, fedhas_altar_3, minivault_26, uniq_sigmund
D:3:      layout_loops_corners, grunt_temple_overflow_cloverleaf
D:4:      layout_rooms, minmay_temple_entry_drinking_statues
D:5:      layout_basic, lemuel_round_altar, serial_shops, shop
D:6:      minmay_chambers_of_sixes, layout_basic, chequers_decorated_corner,
          minmay_misc_feat_enclosed, okawaru_metal_pillars_1_2, uniq_pikel
D:7:      layout_gridville, serial_shops, shop, uniq_prince_ribbit1, uniq_harold
D:8:      cheibrodos_wizards_tower, layout_layer_cave, lemuel_crystal_altar,
          basic_altar
Temple:   regret_index_temple_generic_petals

Skill      XL: |  1  2  3  4  5  6  7  8  9 10 |
---------------+-------------------------------+-----
Ice Magic      | 4 5 6 7 8 9 |  9.8
Spellcasting   | 3 4 5 6 |  6.7
Dodging        | 2 3 4 5 |  5.8
Fighting       | 1 3 4 5 6 |  6.1
Stealth        | |  1.7

Action                   |  1- 3 |  4- 6 |  7- 9 | 10-12 || total
-------------------------+-------+-------+-------+-------++-------
Melee: Unarmed           |    27 |       |       |       ||    27
       Great sword       |    22 |    40 |       |       ||    62
       Mace              |       |    22 |     5 |       ||    27
       Whip              |       |       |   205 |    16 ||   221
       War axe           |       |       |    26 |       ||    26
Throw: Dart              |    12 |    10 |     1 |       ||    23
 Cast: Freeze            |    15 |     3 |       |       ||    18
       Frozen Ramparts   |     1 |     6 |    15 |     1 ||    23
       Ozocubu's Armour  |       |       |     1 |       ||     1
  Use: Potion            |     1 |       |       |       ||     1
       Scroll            |       |       |     1 |       ||     1
 Stab: Sleeping          |     2 |     1 |       |       ||     3
       Distracted        |       |       |     1 |       ||     1
Armor: Robe              |     9 |    21 |    37 |     6 ||    73
Dodge: Dodged            |    44 |    50 |   190 |     9 ||   293
       Rpst.: Great sword |     6 |    12 |       |       ||    18

Table legend: (Time is in decaauts)
 A = Elapsed time spent in this place.
 B = Non-inter-level travel time spent in this place.
 C = Inter-level travel time spent in this place.
 D = Time resting spent in this place.
 E = Time spent auto-exploring this place.
 F = Levels seen in this place.
 G = Mean time per level.
                   A        B        C        D        E       F      G
               +--------+--------+--------+--------+--------+-----+--------+
         Total |   7695 |   7279 |    416 |    869 |   5203 |   9 |  855.0 |
       Dungeon |   7444 |   7082 |    362 |    869 |   5007 |   8 |  930.5 |
        Temple |    250 |    197 |     53 |      0 |    196 |   1 |  250.0 |
               +--------+--------+--------+--------+--------+-----+--------+

Top non-repeatable levels by time:
     D:3: 1824 daAuts
     D:1: 1398 daAuts
     D:5: 1112 daAuts
     D:2: 966 daAuts
     D:6: 907 daAuts
     D:7: 644 daAuts
     D:4: 553 daAuts
  Temple: 250 daAuts
     D:8: 37 daAuts
